 Dungeon Crawl Stone Soup version 0.19-a0-1899-g2d93087 (webtiles) character file.

54 PurpleRed the Skirmisher (level 3, -1/34 HPs)
             Began as a Minotaur Fighter on Oct 20, 2016.
             Slain by Ijyb
             ... wielding a +2 dagger of electrocution
              (15 damage)
             ... on level 2 of the Dungeon.
             The game lasted 00:01:36 (785 turns).

PurpleRed the Skirmisher (Minotaur Fighter)          Turns: 785, Time: 00:01:37

Health: -1/34      AC:  9    Str: 21    XL:     3   Next: 66%
Magic:  2/2        EV:  5    Int:  5    God:
Gold:   47         SH:  9    Dex:  9    Spells: 0 memorised, 2 levels left

rFire  . . .     SeeInvis .     a - +0 war axe
rCold  . . .     Gourm    .     o - +0 chain mail
rNeg   + . .     Faith    .     c - +0 shield
rPois  .         Spirit   .     (helmet restricted)
rElec  .         Reflect  .     (no cloak)
rCorr  +         Harm     .     (no gloves)
MR     .....                    (no boots)
Stlth  ..........               (no amulet)
                                n - ring of positive energy
                                l - ring of resist corrosion

@: no status effects
A: retaliatory headbutt, horns 2
a: no special abilities


You were on level 2 of the Dungeon.
You were not hungry.

You visited 1 branch of the dungeon, and saw 2 of its levels.

You collected 47 gold pieces.

Inventory:

Hand Weapons
 a - a +0 war axe (weapon)
Armour
 c - a +0 shield (worn)
 o - a +0 chain mail (worn)
Jewellery
 l - a ring of resist corrosion (left hand)
 n - a ring of positive energy (right hand)
Scrolls
 b - a scroll of identify {unknown}
 g - a scroll of remove curse {unknown}
 h - a scroll of noise {unknown}
Potions
 d - a potion of might
 e - 2 potions of degeneration {unknown}
 j - a potion of invisibility {unknown}
 k - a potion of cancellation {unknown}
 m - a potion of lignification {unknown}
 p - 2 potions of haste {unknown}
Comestibles
 f - 3 bread rations
 i - 3 meat rations


   Skills:
 + Level 4.4 Fighting
 * Level 3.6 Axes
 + Level 4.2 Armour
 - Level 3.6 Shields


You had 2 spell levels left.
You didn't know any spells.

Dungeon Overview and Level Annotations

Branches:
Dungeon (2/15)

Altars:
The Shining One

Annotations:
D:2 Ijyb


Innate Abilities, Weirdness & Mutations

You reflexively headbutt those who attack you in melee.
You have a pair of horns on your head.


Message History

You closely miss the goblin. Ijyb hits you but does no damage.
You block the goblin's attack.
You closely miss Ijyb. Your headbutt misses Ijyb. You hit the goblin.
You kill the goblin!
You block Ijyb's attack.
Ijyb hits you with a dagger of electrocution.
You hit Ijyb but do no damage. You headbutt Ijyb.
Ijyb is moderately wounded.
Ijyb hits you but does no damage.
You closely miss Ijyb. You headbutt Ijyb.
Ijyb is moderately wounded.
Ijyb hits you but does no damage. x2
You closely miss Ijyb.
Ijyb is moderately wounded.
Ijyb screams, "Die!"
Ijyb hits you but does no damage.
You closely miss Ijyb.
Ijyb is moderately wounded.
Ijyb hits you but does no damage.
You are electrocuted!
You die...

#################
##≈≈..#...#......#
#≈≈≈.)'(..'......#
##≈≈≈..#...#......#
#≈≈#########..##''#
#≈≈#..........#...#
...'..........#.@.#
...'..........#)g.#
...'...†).....#...#
.≈≈#..........#...#
(≈≈#########..#...#
.#≈≈≈..# #..#...#
##≈≈≈.g+ ..##+##
...≈≈..# # ##.≈≈..#


You could see Ijyb.

Vanquished Creatures
  An ooze (D:1)
  A dart slug (D:2)
  2 giant cockroaches (D:1)
  3 hobgoblins (D:1)
  7 jackals
  5 kobolds
  A ball python (D:1)
  7 bats
  3 frilled lizards
  7 goblins
  7 rats
44 creatures vanquished.

Notes
Turn   | Place    | Note
-------+----------+-------------------------------------------
     0 | D:1      | PurpleRed the Minotaur Fighter began the quest for the Orb.
     0 | D:1      | Reached XP level 1. HP: 19/19 MP: 0/0
    62 | D:1      | Reached XP level 2. HP: 25/27 MP: 1/1
   212 | D:1      | Reached XP level 3. HP: 30/33 MP: 2/2
   324 | D:2      | Found a glowing golden altar of the Shining One.
   774 | D:2      | Noticed Ijyb
   785 | D:2      | Slain by Ijyb

Vault maps used:
D:1:      tarquinn_simple_flora_water_a
D:2:      kennysheep_goblin_castle, lemuel_coloured_pillars_altar,
          overflow_temple_1_default

Skill      XL: |  1  2 |
---------------+-------+-----
Fighting       | 4 |  4.4
Axes           | 3 |  3.6
Armour         | 4 |  4.2
Shields        | |  3.6

Action                   || total
-------------------------++-------
Melee: War axe           ||    80
       Headbutt          ||     9
Armor: Scale mail        ||    25
       Chain mail        ||    26
Dodge: Dodged            ||    34
Block: Shield            ||    64
